 Dungeon Crawl Stone Soup version 0.28.0-53-g5a82cb258f (webtiles) character file.

Game seed: 685408894871802068

65905 LustLizard the Severer (level 14, -1/132 HPs)
             Began as a Minotaur Berserker on July 12, 2022.
             Was a High Priest of Trog.
             Constricted to death by Jorgrun (10 damage)
             ... on level 12 of the Dungeon.
             The game lasted 00:39:24 (19333 turns).

LustLizard the Severer (Minotaur Berserker)        Turns: 19333, Time: 00:39:25

Health: -1/132     AC: 33    Str: 30    XL:     14   Next: 77%
Magic:  13/13      EV: 11    Int:  9    God:    Trog [*****.]
Gold:   1040       SH:  0    Dex: 12    Spells: 13/13 levels left

rFire   + . .      SeeInvis .   E - +10 battleaxe of Ashenzari's Supremacy {protect, Fly rPois Dex+3}
rCold   . . .      Faith    .   (shield currently unavailable)
rNeg    . . .      Spirit   .   y - +7 chain mail of Reasonable Lucidity {rF+ Str+2 Int+5}
rPois   +          Reflect  .   F - +2 hat
rElec   .          Harm     .   N - +2 cloak {rCorr}
rCorr   +          Rampage  .   (no gloves)
Will    ++...                   n - +1 pair of boots
Stlth   ..........              (no amulet)
HPRegen 0.32/turn               g - +4 ring of evasion
MPRegen 0.13/turn               u - ring of willpower

@: grasped by roots, under a protective aura, on berserk cooldown, flying,
slowed, constricted, very slow
A: horns 2, retaliatory headbutt
a: Renounce Religion, Berserk, Trog's Hand, Brothers in Arms


You were on level 12 of the Dungeon.
You worshipped Trog.
Trog was extremely pleased with you.
You visited 2 branches of the dungeon, and saw 18 of its levels.
You also visited: Ossuary.

You collected 1461 gold pieces.
You spent 421 gold pieces at shops.

Inventory:

Hand Weapons
 B - a +4 hand axe
 E - the +10 battleaxe of Ashenzari's Supremacy (weapon) {protect, Fly rPois Dex+3}
   (You bought it in a shop on level 2 of the Dungeon)

   It grants its wielder temporary protection when it strikes (+7 to AC).
   Dex:       It affects your dexterity (+3).
   rPois:     It protects you from poison.
   Fly:       It grants you flight.
Missiles
 j - 506 stones (quivered)
 p - a throwing net
 w - 3 boomerangs of dispersal
 A - 9 javelins
 G - 5 curare-tipped darts
 H - 16 poisoned darts
 K - 2 boomerangs
Armour
 n - a +1 pair of boots (worn)
 y - the +7 chain mail of Reasonable Lucidity (worn) {rF+ Str+2 Int+5}
   (You found it on level 5 of the Dungeon)

   Str:       It affects your strength (+2).
   Int:       It affects your intelligence (+5).
   rF:        It protects you from fire.
 D - the +18 shield of the Gong {rElec rN+ Will+ EV-5}
   (You found it on level 6 of the Lair of Beasts)

   It is deafeningly noisy when blocking attacks.
   EV:        It affects your evasion (-5).
   rElec:     It insulates you from electricity.
   rN:        It protects you from negative energy.
   Will:      It increases your willpower.
 F - a +2 hat (worn)
 N - a +2 cloak of preservation (worn)
Jewellery
 e - a +6 ring of strength
 g - a +4 ring of evasion (left hand)
 t - a ring of positive energy
 u - a ring of willpower (right hand)
 C - a +4 ring of protection
 Q - a ring of see invisible
 Y - a ring of protection from fire
Wands
 b - a wand of flame (4)
 z - a wand of mindburst (8)
 J - a wand of digging (2)
 M - a wand of charming (5)
 O - a wand of polymorph (8)
 Z - a wand of iceblast (9)
Scrolls
 c - 2 scrolls of vulnerability
 i - 10 scrolls of teleportation
 k - a scroll of immolation
 l - 2 scrolls of identify
 m - 3 scrolls of fog
 q - a scroll of silence
 r - a scroll of torment
 I - a scroll of enchant armour
 U - 3 scrolls of blinking
 X - a scroll of enchant weapon
Potions
 a - a potion of haste
 d - 10 potions of curing
 f - 8 potions of lignification
 h - 2 potions of heal wounds
 o - 2 potions of mutation
 s - 3 potions of degeneration
 v - 2 potions of magic
 x - 5 potions of might
 T - 2 potions of invisibility
 W - a potion of flight


   Skills:
 + Level 14.0 Fighting
 * Level 19.1 Axes
 - Level 10.9 Throwing
 + Level 10.2 Armour
 - Level 2.1 Dodging
 * Level 10.9 Evocations


You had 13 spell levels left.
You didn't know any spells.
Your spell library was empty.

Dungeon Overview and Level Annotations

Branches:
Dungeon (12/15)            Temple (0/1) D:5            Lair (6/6) D:8
  Swamp (0/4) Lair:3        Snake (0/4) Lair:4        Slime (0/5) Lair:6
    Orc (0/2) D:12        Ossuary (visited)

Altars:
Dithmenos
Kikubaaqudgha
Okawaru
Qazlal
Ru
Trog
Jiyva

Shops:
D:2 (   D:8 *   D:10 **

Annotations:
D:12 Jorgrun


Innate Abilities, Weirdness & Mutations

You have a pair of horns on your head.
You reflexively headbutt those who attack you in melee.


Message History

Jorgrun hits you with a staff of earth! The grasping roots constrict you.
Jorgrun hits you but does no damage. The grasping roots constrict you!!
Jorgrun points at you and mumbles some strange words.
The iron shot hits you!!! The grasping roots constrict you!
Jorgrun hits you with a staff of earth. The grasping roots constrict you!
You turn to flesh and can move again.
You slice Jorgrun!!
Your weapon exudes an aura of protection.
Your headbutt misses Jorgrun.
Jorgrun is moderately wounded.
Jorgrun hits you with a staff of earth. The grasping roots constrict you!
You miss Jorgrun.
Jorgrun is moderately wounded.
You closely miss Jorgrun.
Jorgrun is moderately wounded.
You are no longer berserk.
You are exhausted.
You feel yourself slow down. Jorgrun barely misses you.
The grasping roots constrict you.
You completely miss Jorgrun.
Jorgrun is moderately wounded.
Jorgrun hits you with a staff of earth! The grasping roots constrict you!
You closely miss Jorgrun. You headbutt Jorgrun!
Jorgrun is moderately wounded.
Jorgrun hits you but does no damage. The grasping roots constrict you!
* * * LOW HITPOINT WARNING * * *
You slice Jorgrun!!
Jorgrun is heavily wounded.
Jorgrun hits you but does no damage. The grasping roots constrict you!
* * * LOW HITPOINT WARNING * * *
You feel much better. Jorgrun hits you but does no damage.
The grasping roots constrict you!
* * * LOW HITPOINT WARNING * * *
Okay, then.
Your iron troll goes berserk!
Jorgrun points at you and mumbles some strange words.
The iron shot hits you!!
* * * LOW HITPOINT WARNING * * *
The grasping roots constrict you!
You die...

#....#....# .
#....'....# ..
#....#....# ...
#....######)..
#.............
#........#####+#
#........#..!..#
#.#####..#T....#
#.# #..@g....#
#.# +..#.....#
#.# #..#.....#
#.# #..#.....#
#.# #..#######
#.#####...
........).. ...
#...........
.....
#...........
....


You could see Jorgrun (ally target) and a friendly iron troll (summoned,
berserk).

Vanquished Creatures
  Frances (D:12)
  5 hydras
  4 two-headed ogres
  A catoblepas (Lair:2)
  18 death yaks
  Urug (D:10)
  2 goliath frogs (Lair:6)
  A harpy (shapeshifter) (D:12)
  A manticore (Lair:6)
  13 elephants
  Maurice (D:8)
  2 gargoyles (D:12)
  4 black mambas
  A torpor snail (Lair:5)
  20 cane toads
  5 rime drakes
  2 unseen horrors (D:11)
  Maggie (D:6)
  Psyche (D:9)
  8 komodo dragons
  3 trolls
  2 tyrant leeches (Lair:6)
  4 slime creatures (D:12)
  2 polar bears (Lair:6)
  26 blink frogs
  5 dream sheep
  4 vampires
  7 wyverns
  2 wraiths
  37 yaks
  3 humans (D:11)
  9 basilisks
  A steam dragon (D:9)
  11 vampire mosquitoes
  21 water moccasins
  Duvessa (D:5)
  2 hell hounds (Lair:6)
  A black bear (D:7)
  An ice beast (D:7)
  8 orc warriors
  2 sky beasts
  2 necrophages
  3 wolves (Lair:4)
  3 centaurs
  An ogre (D:4)
  2 kobold brigands
  15 bullfrogs
  2 gnoll sergeants (D:9)
  6 scorpions
  A wyvern zombie (D:8)
  Dowan (D:5)
  4 killer bees (D:9)
  16 wights
  6 howler monkeys
  3 electric eels
  4 hounds
  3 centaur zombies
  A jelly (D:6)
  2 gnoll shamans
  12 orc priests
  Crazy Yiuf (D:4)
  A bullfrog skeleton (D:4)
  An iguana (D:4)
  14 orc wizards
  13 hell rats
  2 human simulacra (D:12)
  2 mummies (Ossuary)
  2 howler monkey zombies
  24 gnolls
  A howler monkey skeleton (D:3)
  5 adders
  A shadow imp (D:7)
  2 worms (D:2)
  46 orcs
  9 ball pythons
  6 endoplasms
  4 giant cockroaches
  6 goblins
  5 hobgoblins
  2 jackals (D:1)
  6 quokkas
  4 bats
  4 frilled lizards
  4 gnoll zombies (Ossuary)
  3 goblin zombies (Ossuary)
  4 hobgoblin zombies (Ossuary)
  15 kobolds
  3 orc zombies (Ossuary)
  A quokka zombie (D:5)
  7 rats
  A rat zombie (D:5)
530 creatures vanquished.

Vanquished Creatures (collateral kills)
  Fannar (Lair:3)
  3 elephants (Lair:3)
4 creatures vanquished.

Vanquished Creatures (others)
  34 fungi
  148 plants
182 creatures vanquished.

Grand Total: 716 creatures vanquished

Notes
Turn   | Place    | Note
-------+----------+-------------------------------------------
     0 | D:1      | LustLizard the Minotaur Berserker began the quest for the
                  | Orb.
     0 | D:1      | Reached XP level 1. HP: 19/19 MP: 0/0
   131 | D:1      | Reached skill level 4 in Axes
   137 | D:1      | Reached XP level 2. HP: 16/27 MP: 1/1
   711 | D:1      | Reached XP level 3. HP: 29/33 MP: 2/2
  1159 | D:2      | Reached ** piety under Trog
  1308 | D:2      | Reached skill level 5 in Axes
  1308 | D:2      | Reached skill level 1 in Throwing
  1314 | D:2      | Found Ufish's Antique Weapon Shoppe.
  1356 | D:2      | You fall into a shaft and drop 2 floors!
  1372 | D:3      | Reached XP level 4. HP: 39/41 MP: 3/3
  1589 | D:3      | Noticed a scorpion
  1596 | D:3      | Killed a scorpion
  1597 | D:3      | Reached XP level 5. HP: 44/47 MP: 4/4
  2237 | D:3      | Found a faded altar of an unknown god.
  2354 | D:4      | Reached skill level 5 in Fighting
  2354 | D:4      | Reached skill level 6 in Axes
  2354 | D:4      | Reached XP level 6. HP: 51/56 MP: 5/5
  2816 | D:4      | Found a runed translucent door.
  2817 | D:4      | Noticed Crazy Yiuf
  2825 | D:4      | Killed Crazy Yiuf
  3004 | D:4      | Reached skill level 7 in Axes
  3004 | D:4      | Reached XP level 7. HP: 54/61 MP: 6/6
  3117 | D:4      | Found a bloodstained altar of Trog.
  3196 | D:4      | Reached *** piety under Trog
  3375 | D:4      | Found a stormy altar of Qazlal.
  3402 | D:5      | Entered Level 5 of the Dungeon
  3468 | D:5      | Noticed Duvessa
  3468 | D:5      | Noticed Dowan
  3572 | D:4      | Reached skill level 5 in Throwing
  3615 | D:5      | Reached skill level 8 in Axes
  3629 | D:5      | Identified the +0 scale mail of Amadis {Regen+ Dex+6}
  3685 | D:5      | Reached XP level 8. HP: 37/70 MP: 7/7
  3742 | D:5      | Identified the +7 chain mail of Reasonable Lucidity {rF+
                  | Str+2 Int+5}
  3848 | D:5      | Killed Duvessa
  3851 | D:5      | Killed Dowan
  3860 | D:5      | Reached skill level 9 in Axes
  3905 | D:5      | Found a sand-covered staircase.
  3915 | Ossuary  | Entered an ossuary
  4273 | D:5      | Found a staircase to the Ecumenical Temple.
  4561 | D:2      | Bought a masterwork battleaxe for 184 gold pieces
  4561 | D:2      | Identified the +10 battleaxe of Ashenzari's Supremacy
                  | {protect, Fly rPois Dex+3} (You bought it in a shop on
                  | level 2 of the Dungeon)
  4666 | D:6      | Reached **** piety under Trog
  5053 | D:6      | Noticed Maggie
  5060 | D:6      | Killed Maggie
  5061 | D:6      | Reached XP level 9. HP: 63/79 MP: 8/8
  5454 | D:7      | Reached skill level 10 in Axes
  6366 | D:8      | Identified the +1 robe "Meshrun" {rElec rN+ Int+3 Dex-3}
  6407 | D:8      | Reached skill level 11 in Axes
  6467 | D:8      | Found a staircase to the Lair.
  6656 | D:8      | Found Lottur's Profane Products.
  6727 | D:8      | Noticed Maurice
  6741 | D:8      | Killed Maurice
  6865 | D:9      | Noticed Psyche
  6913 | D:9      | Killed Psyche
  6913 | D:9      | Reached ***** piety under Trog
  6914 | D:9      | Reached XP level 10. HP: 86/90 MP: 9/9
  7044 | D:9      | Noticed a two-headed ogre
  7065 | D:9      | Killed a two-headed ogre
  7066 | D:9      | Reached skill level 12 in Axes
  7890 | D:9      | Noticed a two-headed ogre
  7893 | D:9      | Killed a two-headed ogre
  7894 | D:9      | Reached skill level 10 in Throwing
  8020 | D:9      | Received a gift from Trog
  8064 | D:10     | Entered Level 10 of the Dungeon
  8139 | D:10     | Found Xemn's Island Escapes.
  8257 | D:10     | Reached skill level 13 in Axes
  8270 | D:10     | Bought a potion of invisibility for 88 gold pieces
  8270 | D:10     | Bought a scroll of teleportation for 33 gold pieces
  8270 | D:10     | Bought a scroll of blinking for 82 gold pieces
  8488 | D:10     | Found a shadowy altar of Dithmenos.
  8490 | D:10     | Found a sacrificial altar of Ru.
  8508 | D:10     | Found an iron altar of Okawaru.
  8508 | D:10     | Found an ancient bone altar of Kikubaaqudgha.
  8698 | D:10     | Reached XP level 11. HP: 99/99 MP: 10/10
  8710 | D:10     | Reached skill level 10 in Fighting
  8879 | D:10     | Found Anucijoi's General Store.
  8885 | D:10     | Bought a scroll of identify for 34 gold pieces
  8987 | D:10     | Noticed Urug
  8996 | D:10     | Killed Urug
  9369 | D:11     | Reached skill level 1 in Evocations
  9642 | D:11     | Reached skill level 14 in Axes
  9656 | D:11     | Noticed a two-headed ogre
  9664 | D:10     | Killed a two-headed ogre
 10214 | D:11     | Noticed a death yak
 10219 | D:11     | Killed a death yak
 10221 | D:11     | Noticed a death yak
 10221 | D:11     | Noticed a death yak
 10221 | D:11     | Noticed a death yak
 10221 | D:11     | Noticed a death yak
 10222 | D:11     | Noticed a death yak
 10239 | D:11     | Killed a death yak
 10243 | D:11     | Killed a death yak
 10269 | D:11     | Noticed a death yak
 10273 | D:11     | Killed a death yak
 10284 | D:11     | Killed a death yak
 10290 | D:11     | Reached skill level 15 in Axes
 10290 | D:11     | Reached skill level 5 in Armour
 10290 | D:11     | Reached XP level 12. HP: 58/110 MP: 11/11
 10510 | D:11     | Noticed a death yak
 10510 | D:11     | Noticed a death yak
 10511 | D:11     | Noticed a death yak
 10512 | D:11     | Noticed a death yak
 10521 | D:11     | Killed a death yak
 10522 | D:11     | Reached skill level 5 in Evocations
 10524 | D:11     | Killed a death yak
 10532 | D:11     | Killed a death yak
 10538 | D:11     | Killed a death yak
 10543 | D:11     | Killed a death yak
 10548 | D:11     | Killed a death yak
 10548 | D:11     | Received a gift from Trog
 10952 | D:12     | Found a staircase to the Orcish Mines.
 11070 | D:12     | Noticed a two-headed ogre
 11084 | D:12     | Killed a two-headed ogre
 11103 | D:12     | Noticed Frances
 11243 | Lair:1   | Entered Level 1 of the Lair of Beasts
 11537 | Lair:1   | Reached skill level 16 in Axes
 11667 | Lair:1   | Noticed a seven-headed hydra
 11677 | Lair:1   | Killed a nine-headed hydra
 13115 | Lair:2   | Noticed a catoblepas
 13123 | Lair:2   | Killed a catoblepas
 13128 | Lair:2   | Reached XP level 13. HP: 110/118 MP: 12/12
 13765 | Lair:3   | Found a staircase to the Swamp.
 13789 | Lair:3   | Noticed Fannar
 13800 | Lair:3   | Killed Fannar
 14169 | Lair:3   | Reached skill level 17 in Axes
 14555 | Lair:4   | Found a staircase to the Snake Pit.
 16299 | Lair:5   | Reached skill level 18 in Axes
 16299 | Lair:5   | Reached XP level 14. HP: 124/129 MP: 13/13
 16598 | Lair:5   | You are sucked into a shaft and drop 1 floor!
 16598 | Lair:6   | Entered Level 6 of the Lair of Beasts
 16701 | Lair:6   | Found a viscous altar of Jiyva.
 16701 | Lair:6   | Found a staircase to the Slime Pits.
 16921 | Lair:6   | Received a gift from Trog
 17106 | Lair:6   | Reached skill level 10 in Evocations
 17259 | Lair:6   | Found the +18 shield of the Gong {rElec rN+ Will+ EV-5}
 18285 | Lair:6   | Reached skill level 10 in Armour
 18305 | Lair:6   | Reached skill level 19 in Axes
 18888 | D:12     | Killed Frances
 19132 | D:12     | Received a gift from Trog
 19313 | D:12     | Noticed Jorgrun
 19333 | D:12     | Constricted to death by Jorgrun

Illustrated notes

Levels and vault maps discovered:
D:1:      minmay_arrival_semitransparent, layout_rooms
D:2:      layout_basic, serial_shops, nicolae_shop_overgrown_old_shop
D:3:      layout_rooms, chequers_ecumenical_altar_island
D:4:      layout_gridville, nicolae_qazlal_eye_of_the_storm,
          overflow_temple_1_default, wad_orctagon, uniq_crazy_yiuf_cottage
D:5:      layout_cave_pools, minmay_temple_entry_gardened_gates,
          enter_ossuary_4, nicolae_figureground_sparkle, uniq_duvessa
D:6:      layout_basic, minmay_misc_feat_tower, kennysheep_boxes, uniq_maggie
D:7:      layout_loops_ring
D:8:      layout_basic, lair_entry_dummy, nicolae_evil_shop, uniq_maurice
D:9:      layout_roguey, uniq_psyche
D:10:     layout_stronghold, grunt_temple_overflow_open, serial_shops,
          kennysheep_little_box, nicolae_island_escapes, uniq_urug
D:11:     slaughterhouse, layout_basic, kennysheep_generic_room_9
D:12:     layout_irregular_city, david_orc_3, bh_circular_ruins, uniq_frances,
          uniq_jorgrun
Lair:1:   layout_loops_ring, serial_bayou_lagoon_a, fungi_pond_lemuel,
          serial_bayou_shore_a, grunt_megastairs_3
Lair:2:   layout_regular_city
Lair:3:   layout_long_grid, swamp_mist, nicolae_lair_grazing_beasts
          [nicolae_sub_lair_graze_edge, nicolae_sub_lair_graze_edge,
          nicolae_sub_lair_graze_edge, nicolae_sub_lair_graze_edge],
          serial_bayou_shore_b, infiniplex_staircase_pool, uniq_fannar
Lair:4:   layout_regular_city, minmay_snake_entry_six_corridors, serial_bayou,
          serial_bayou_crossing, serial_bayou_pond_e, serial_bayou_pond_b,
          serial_bayou_pond_d
Lair:5:   layout_misc_corridors
Lair:6:   minmay_lair_end_frog_pond, layout_gridlike, slime_altar_1,
          special_room [special_room_mythical_zoo]

Skill      XL: |  1  2  3  4  5  6  7  8  9 10 11 12 13 14 |
---------------+-------------------------------------------+-----
Axes           | 4 5 6 7 8 9 11 13 15 16 18 19 | 19.1
Fighting       | 4 5 6 7 8 9 11 12 13 14 | 14.0
Throwing       | 1 2 3 4 5 7 8 10 | 10.9
Evocations     | 4 7 9 10 | 10.9
Armour         | 5 7 9 10 | 10.2
Dodging        | |  2.1

Action                   |  1- 3 |  4- 6 |  7- 9 | 10-12 | 13-15 || total
-------------------------+-------+-------+-------+-------+-------++-------
Melee: Hand axe          |    88 |    94 |    49 |       |       ||   231
       Headbutt          |    11 |    16 |    45 |    64 |    90 ||   226
       Punch             |     2 |       |     3 |       |       ||     5
       Whip              |       |    10 |    94 |       |       ||   104
       Battleaxe         |       |       |   103 |   349 |   412 ||   864
       Unarmed           |       |       |     4 |     8 |       ||    12
Throw: Stone             |     5 |    43 |    48 |   118 |   169 ||   383
       Dart              |       |       |       |     1 |       ||     1
       Boomerang         |       |       |       |     7 |     6 ||    13
Invok: Berserk           |       |     2 |     2 |     3 |     3 ||    10
       Trog's Hand       |       |       |     2 |       |       ||     2
       Brothers in Arms  |       |       |       |       |     3 ||     3
Evoke: Wand              |       |       |       |       |     4 ||     4
  Use: Potion            |       |       |     1 |       |     1 ||     2
       Scroll            |       |       |     6 |    13 |     4 ||    23
 Stab: Distracted        |       |       |       |       |     1 ||     1
Armor: Leather armour    |    20 |     3 |       |       |       ||    23
       Ring mail         |       |     3 |       |       |       ||     3
       Chain mail        |       |    52 |   109 |   218 |   301 ||   680
       Scale mail        |       |       |     7 |       |       ||     7
       Skin              |       |       |     1 |       |       ||     1
Dodge: Dodged            |    54 |    39 |   139 |   186 |   275 ||   693
